[ AOE2 MATCH · #478798945 ]
UnrankedPortuguese vs Malians
[ REPLAY ANALYSIS · EXTRACTED FROM THE RECORDED GAME ]
Feudal
10:44
Castle
15:05
Imperial
28:54
| APM avg | 33.9 |
| APM peak | 89 |
| eAPM avg | 18.3 |
| Villagers / military | 143 / 107 |
Focus
⚔️ 39.8% · 🌾 60.2%
Spearman ×53 · Skirmisher ×49 · Trebuchet (Packed) ×3 · Monk ×2
Feudal
10:57
Castle
14:34
Imperial
29:47
| APM avg | 34.6 |
| APM peak | 97 |
| eAPM avg | 18.6 |
| Villagers / military | 131 / 23 |
Focus
⚔️ 34.1% · 🌾 65.9%
Throwing Axeman ×16 · Mangonel ×6 · Scorpion ×1
Feudal
11:02
Castle
15:21
Imperial
28:42
| APM avg | 30.6 |
| APM peak | 70 |
| eAPM avg | 16.8 |
| Villagers / military | 130 / 155 |
Focus
⚔️ 27.7% · 🌾 72.3%
Camel Scout ×89 · Knight ×65 · Monk ×1
Feudal
9:24
Castle
14:19
Imperial
30:19
| APM avg | 20.5 |
| APM peak | 49 |
| eAPM avg | 14.6 |
| Villagers / military | 110 / 63 |
Focus
⚔️ 20.5% · 🌾 79.5%
Spearman ×44 · Samurai ×13 · Militia ×4 · Monk ×1 · Mangonel ×1
Feudal
10:41
Castle
14:47
Imperial
30:09
| APM avg | 54.7 |
| APM peak | 87 |
| eAPM avg | 27.1 |
| Villagers / military | 145 / 96 |
Focus
⚔️ 22.5% · 🌾 77.5%
Spearman ×91 · Mangonel ×2 · Trebuchet (Packed) ×2 · Battering Ram ×1
Feudal
—
Castle
—
Imperial
—
| APM avg | 27.1 |
| APM peak | 66 |
| eAPM avg | 12.2 |
| Villagers / military | 130 / 46 |
Focus
⚔️ 21.5% · 🌾 78.5%
Spearman ×36 · Militia ×10
Feudal
9:17
Castle
15:19
Imperial
28:28
| APM avg | 37.9 |
| APM peak | 69 |
| eAPM avg | 22.7 |
| Villagers / military | 127 / 101 |
Focus
⚔️ 21.4% · 🌾 78.6%
Archer ×88 · Skirmisher ×7 · Bombard Cannon ×5 · Mangonel ×1
Feudal
11:23
Castle
14:53
Imperial
29:44
| APM avg | 45.4 |
| APM peak | 93 |
| eAPM avg | 32.1 |
| Villagers / military | 197 / 137 |
Focus
⚔️ 45.8% · 🌾 54.2%
Cataphract ×120 · Battering Ram ×15 · Monk ×1 · Bombard Cannon ×1
Match map
Initial resources + every placement click. Lines = walls · curves = elevation contours. ◆ gold · ⬟ stone · ● berries · ✦ relic · ◌ wall gap
Your base· ✓ Closed at 15:05 · 0t walls · 3 gate(s)
Louis XI's base· ✓ Closed at 14:34 · 0t walls · 3 gate(s)
[GDL] turbojj's base· ✓ Closed at 15:21 · 0t walls · 2 gate(s)
Álvaro de Bazán's base· ✓ Closed at 14:19 · 0t walls · 2 gate(s)
Nicoairlines's base· ✓ Closed at 14:47 · 0t walls · 2 gate(s)
Rule xLEIRAx13's base· ✓ Closed at 11:58 · 0t walls · 2 gate(s)
Benjaiper's base· ✓ Closed at 15:19 · 0t walls · 2 gate(s)
Manuel hormigaiper's base· ✓ Closed at 14:53 · 0t walls · 3 gate(s)
Smoothed initial terrain · ◌ = detected wall gap · hover for details
Inputs per minute
— ATABEY - - Louis XI
Build order — ATABEY
First 150 of 408 actions detected
| 0:01 | Create | Villager (Male) |
| 0:01 | Create | Villager (Male) |
| 0:02 | Build | House |
| 0:04 | Build | House |
| 0:24 | Create | Villager (Male) |
| 0:25 | Create | Villager (Male) |
| 1:25 | Create | Villager (Male) |
| 2:13 | Create | Villager (Male) |
| 2:29 | Create | Villager (Male) |
| 2:30 | Create | Villager (Male) |
| 2:48 | Build | Lumber Camp |
| 3:06 | Create | Villager (Male) |
| 3:09 | Build | House |
| 3:21 | Create | Villager (Male) |
| 4:24 | Create | Villager (Male) |
| 4:24 | Create | Villager (Male) |
| 4:25 | Create | Villager (Male) |
| 4:25 | Create | Villager (Male) |
| 4:52 | Create | Villager (Male) |
| 5:21 | Create | Villager (Male) |
| 5:22 | Create | Villager (Male) |
| 5:25 | Create | Villager (Male) |
| 5:38 | Build | House |
| 5:40 | Create | Villager (Male) |
| 5:58 | Create | Villager (Male) |
| 6:36 | Create | Villager (Male) |
| 6:55 | Create | Villager (Male) |
| 6:56 | Create | Villager (Male) |
| 7:02 | Build | Mill |
| 8:02 | Build | House |
| 8:25 | Research | Feudal Age |
| 8:47 | Build | Farm |
| 9:10 | Build | Farm |
| 9:22 | Build | Farm |
| 9:59 | Build | Mining Camp |
| 10:02 | Build | Farm |
| 10:04 | Build | Farm |
| 10:36 | Create | Villager (Male) |
| 10:36 | Create | Villager (Male) |
| 10:44 | Age | Feudal Age |
| 10:46 | Build | Market |
| 10:47 | Create | Villager (Male) |
| 11:11 | Create | Villager (Male) |
| 11:25 | Build | Blacksmith |
| 12:25 | Research | Castle Age |
| 12:25 | Research | Castle Age |
| 12:39 | Build | House |
| 12:40 | Build | House |
| 13:30 | Build | Farm |
| 13:32 | Build | Farm |
| 13:34 | Build | Farm |
| 13:40 | Research | Double-Bit Axe |
| 13:43 | Research | Horse Collar |
| 15:05 | Age | Castle Age |
| 15:07 | Build | Town Center |
| 15:08 | Create | Villager (Male) |
| 15:08 | Create | Villager (Male) |
| 15:17 | Build | Town Center |
| 16:07 | Create | Villager (Male) |
| 16:13 | Build | Monastery |
| 16:32 | Create | Villager (Male) |
| 16:32 | Create | Villager (Male) |
| 16:33 | Create | Villager (Male) |
| 16:33 | Create | Villager (Male) |
| 16:33 | Create | Villager (Male) |
| 16:39 | Build | Farm |
| 16:40 | Create | Villager (Male) |
| 16:40 | Create | Villager (Male) |
| 16:41 | Create | Villager (Male) |
| 16:48 | Create | Monk |
| 16:49 | Create | Monk |
| 17:07 | Create | Villager (Male) |
| 17:09 | Build | Farm |
| 17:11 | Create | Villager (Male) |
| 17:11 | Create | Villager (Male) |
| 17:18 | Build | Farm |
| 17:29 | Create | Villager (Male) |
| 17:32 | Build | Farm |
| 17:35 | Build | Farm |
| 17:36 | Create | Villager (Male) |
| 17:36 | Create | Villager (Male) |
| 17:40 | Build | Farm |
| 17:51 | Create | Villager (Male) |
| 17:54 | Build | Farm |
| 17:55 | Build | Farm |
| 17:55 | Build | Farm |
| 18:01 | Build | Farm |
| 18:01 | Create | Villager (Male) |
| 18:04 | Build | Farm |
| 18:13 | Create | Villager (Male) |
| 18:13 | Create | Villager (Male) |
| 18:16 | Build | Farm |
| 18:23 | Build | House |
| 18:24 | Build | House |
| 18:41 | Create | Villager (Male) |
| 18:42 | Create | Villager (Male) |
| 18:51 | Build | Farm |
| 18:51 | Build | Farm |
| 18:53 | Create | Villager (Male) |
| 18:56 | Build | House |
| 18:58 | Build | House |
| 18:58 | Build | House |
| 19:00 | Build | House |
| 19:02 | Build | House |
| 19:03 | Create | Villager (Male) |
| 19:08 | Create | Villager (Male) |
| 19:17 | Create | Villager (Male) |
| 19:18 | Create | Villager (Male) |
| 19:19 | Create | Villager (Male) |
| 19:27 | Build | Farm |
| 19:31 | Build | Farm |
| 19:40 | Research | Wheelbarrow |
| 19:40 | Research | Wheelbarrow |
| 19:45 | Create | Villager (Male) |
| 19:45 | Create | Villager (Male) |
| 19:56 | Build | Farm |
| 19:57 | Create | Villager (Male) |
| 19:59 | Build | Farm |
| 20:10 | Create | Villager (Male) |
| 20:10 | Create | Villager (Male) |
| 20:14 | Build | Farm |
| 20:14 | Build | Farm |
| 20:14 | Build | Farm |
| 20:16 | Create | Villager (Male) |
| 20:16 | Create | Villager (Male) |
| 20:25 | Create | Villager (Male) |
| 20:28 | Build | Farm |
| 20:29 | Create | Villager (Male) |
| 20:31 | Build | Farm |
| 20:36 | Create | Villager (Male) |
| 20:41 | Build | Farm |
| 20:46 | Build | Farm |
| 20:58 | Build | Farm |
| 20:59 | Create | Villager (Male) |
| 21:00 | Create | Villager (Male) |
| 21:00 | Create | Villager (Male) |
| 21:01 | Create | Villager (Male) |
| 21:01 | Create | Villager (Male) |
| 21:07 | Create | Villager (Male) |
| 21:15 | Create | Villager (Male) |
| 21:16 | Build | House |
| 21:20 | Build | Farm |
| 21:21 | Create | Villager (Male) |
| 21:25 | Create | Villager (Male) |
| 21:31 | Build | Farm |
| 21:31 | Build | Farm |
| 21:32 | Create | Villager (Male) |
| 21:40 | Create | Villager (Male) |
| 21:42 | Build | Farm |
| 21:56 | Research | Heavy Plow |
Build order — Louis XI
First 150 of 289 actions detected
| 0:02 | Create | Villager (Male) ×4 |
| 0:03 | Create | Villager (Male) ×4 |
| 0:04 | Build | House |
| 0:06 | Build | House |
| 1:34 | Create | Villager (Male) |
| 1:35 | Create | Villager (Male) |
| 2:00 | Build | Lumber Camp |
| 2:01 | Create | Villager (Male) |
| 2:22 | Create | Villager (Male) |
| 2:22 | Create | Villager (Male) |
| 2:41 | Create | Villager (Male) |
| 3:05 | Create | Villager (Male) |
| 3:06 | Create | Villager (Male) |
| 3:26 | Build | House |
| 3:27 | Build | House |
| 3:30 | Create | Villager (Male) |
| 3:31 | Create | Villager (Male) |
| 3:59 | Create | Villager (Male) |
| 3:59 | Create | Villager (Male) |
| 4:16 | Build | Mill |
| 4:20 | Create | Villager (Male) |
| 4:20 | Create | Villager (Male) |
| 4:41 | Create | Villager (Male) |
| 4:53 | Create | Villager (Male) |
| 4:53 | Create | Villager (Male) |
| 5:16 | Create | Villager (Male) |
| 5:26 | Create | Villager (Male) |
| 5:26 | Create | Villager (Male) |
| 5:59 | Create | Villager (Male) |
| 5:59 | Create | Villager (Male) |
| 6:00 | Create | Villager (Male) |
| 7:21 | Create | Villager (Male) |
| 7:42 | Build | Farm |
| 7:44 | Build | Farm |
| 7:46 | Create | Villager (Male) |
| 8:05 | Build | House |
| 8:06 | Build | Mining Camp |
| 8:13 | Build | Farm |
| 8:42 | Research | Feudal Age |
| 9:48 | Create | Villager (Male) |
| 9:49 | Create | Villager (Male) |
| 10:57 | Age | Feudal Age |
| 11:00 | Build | Market |
| 11:04 | Build | Blacksmith |
| 11:06 | Research | Double-Bit Axe |
| 11:17 | Build | House |
| 11:54 | Research | Castle Age |
| 11:54 | Research | Castle Age |
| 11:58 | Build | House |
| 12:17 | Build | Farm |
| 12:21 | Build | Farm |
| 12:26 | Build | Farm |
| 14:02 | Create | Villager (Male) |
| 14:08 | Build | Lumber Camp |
| 14:34 | Age | Castle Age |
| 15:00 | Research | Bow Saw |
| 15:01 | Research | Bow Saw |
| 15:02 | Create | Villager (Male) |
| 15:03 | Create | Villager (Male) |
| 15:05 | Build | Castle |
| 15:18 | Build | Farm |
| 15:21 | Build | Farm |
| 15:22 | Build | Farm |
| 15:24 | Build | Farm |
| 15:42 | Create | Villager (Male) |
| 15:43 | Build | Farm |
| 15:58 | Build | Town Center |
| 16:14 | Create | Villager (Male) |
| 16:46 | Create | Villager (Male) |
| 16:53 | Build | Farm |
| 17:01 | Build | Town Center |
| 17:03 | Create | Villager (Male) |
| 17:10 | Build | Farm |
| 17:18 | Create | Villager (Male) |
| 17:21 | Create | Villager (Male) |
| 17:22 | Build | Farm |
| 17:32 | Build | Farm |
| 17:43 | Build | Farm |
| 17:47 | Create | Villager (Male) |
| 17:52 | Create | Villager (Male) |
| 18:00 | Create | Villager (Male) |
| 18:06 | Build | Farm |
| 18:16 | Create | Villager (Male) |
| 18:19 | Build | Farm |
| 18:24 | Build | Farm |
| 18:28 | Create | Villager (Male) |
| 18:41 | Create | Villager (Male) |
| 18:42 | Create | Villager (Male) |
| 18:45 | Build | Farm |
| 18:47 | Build | Farm |
| 18:52 | Build | Farm |
| 18:53 | Create | Villager (Male) ×5 |
| 19:05 | Research | Wheelbarrow |
| 19:06 | Create | Villager (Male) |
| 19:10 | Build | Farm |
| 19:17 | Create | Villager (Male) |
| 19:27 | Create | Villager (Male) |
| 19:33 | Create | Villager (Male) |
| 19:43 | Create | Villager (Male) |
| 19:50 | Build | Town Center |
| 20:00 | Create | Villager (Male) |
| 20:09 | Create | Villager (Male) |
| 20:15 | Create | Villager (Male) |
| 20:17 | Build | Farm |
| 20:21 | Create | Villager (Male) |
| 20:27 | Create | Villager (Male) |
| 20:32 | Build | House |
| 20:36 | Create | Villager (Male) |
| 20:41 | Create | Villager (Male) |
| 20:50 | Create | Villager (Male) |
| 20:59 | Build | Town Center |
| 21:04 | Create | Villager (Male) |
| 21:10 | Build | Mining Camp |
| 21:13 | Create | Villager (Male) |
| 21:14 | Create | Villager (Male) |
| 21:17 | Create | Villager (Male) |
| 21:20 | Build | Farm |
| 21:22 | Build | House |
| 21:23 | Build | House |
| 21:26 | Create | Villager (Male) |
| 21:33 | Create | Villager (Male) |
| 21:42 | Create | Villager (Male) |
| 21:46 | Build | Farm |
| 21:47 | Build | Farm |
| 21:49 | Build | House |
| 21:49 | Build | House |
| 21:49 | Build | House |
| 21:50 | Build | House |
| 21:50 | Build | House |
| 21:50 | Build | House |
| 21:51 | Build | House |
| 21:51 | Build | House |
| 21:51 | Build | House |
| 21:56 | Create | Villager (Male) |
| 21:56 | Create | Villager (Male) |
| 21:56 | Create | Villager (Male) |
| 22:13 | Build | Siege Workshop |
| 22:19 | Create | Villager (Male) |
| 22:23 | Create | Villager (Male) |
| 22:25 | Research | Loom |
| 22:26 | Create | Villager (Male) |
| 22:33 | Create | Villager (Male) |
| 22:39 | Create | Scorpion |
| 22:42 | Create | Mangonel |
| 22:42 | Create | Mangonel |
| 22:45 | Research | Town Watch |
| 22:49 | Create | Villager (Male) |
| 22:52 | Create | Villager (Male) |
| 22:52 | Create | Villager (Male) |
| 23:04 | Create | Villager (Male) |
Build order — [GDL] turbojj
First 150 of 340 actions detected
| 0:01 | Create | Villager (Male) |
| 0:01 | Create | Villager (Male) |
| 0:02 | Create | Villager (Male) |
| 0:02 | Create | Villager (Male) |
| 0:02 | Create | Villager (Male) |
| 0:05 | Build | House |
| 0:07 | Build | House |
| 1:27 | Create | Villager (Male) |
| 1:51 | Build | Lumber Camp |
| 2:04 | Create | Villager (Male) |
| 2:05 | Create | Villager (Male) |
| 2:25 | Create | Villager (Male) |
| 2:49 | Create | Villager (Male) |
| 2:49 | Create | Villager (Male) |
| 3:10 | Create | Villager (Male) |
| 3:26 | Build | House |
| 3:27 | Build | House |
| 3:32 | Create | Villager (Male) |
| 3:32 | Create | Villager (Male) |
| 3:49 | Build | Mill |
| 3:57 | Create | Villager (Male) |
| 4:29 | Create | Villager (Male) |
| 4:30 | Create | Villager (Male) |
| 4:53 | Create | Villager (Male) |
| 4:53 | Create | Villager (Male) |
| 4:53 | Create | Villager (Male) |
| 5:17 | Create | Villager (Male) |
| 5:17 | Create | Villager (Male) |
| 5:49 | Create | Villager (Male) |
| 6:06 | Build | House |
| 6:34 | Create | Villager (Male) |
| 6:34 | Create | Villager (Male) |
| 7:14 | Create | Villager (Male) |
| 7:14 | Create | Villager (Male) |
| 7:35 | Build | Farm |
| 7:39 | Create | Villager (Male) |
| 8:01 | Build | Farm |
| 8:04 | Build | Farm |
| 8:29 | Build | Mining Camp |
| 8:43 | Build | Lumber Camp |
| 8:52 | Research | Feudal Age |
| 10:09 | Build | Farm |
| 10:17 | Build | Farm |
| 11:02 | Age | Feudal Age |
| 11:07 | Build | Market |
| 11:10 | Build | Blacksmith |
| 11:15 | Create | Villager (Male) |
| 11:15 | Create | Villager (Male) |
| 11:18 | Build | Farm |
| 11:48 | Build | Farm |
| 11:58 | Build | Farm |
| 12:41 | Research | Castle Age |
| 13:17 | Research | Double-Bit Axe |
| 13:23 | Build | Farm |
| 14:03 | Build | Mining Camp |
| 14:52 | Build | House |
| 15:17 | Create | Villager (Male) |
| 15:17 | Create | Villager (Male) |
| 15:21 | Age | Castle Age |
| 15:23 | Build | Town Center |
| 15:30 | Build | Town Center |
| 15:32 | Research | Bow Saw |
| 15:34 | Create | Villager (Male) |
| 15:34 | Create | Villager (Male) |
| 15:38 | Build | Farm |
| 15:43 | Build | House |
| 15:43 | Build | House |
| 15:51 | Research | Horse Collar |
| 16:11 | Build | Farm |
| 16:14 | Build | House |
| 16:23 | Build | Farm |
| 16:36 | Research | Wheelbarrow |
| 16:42 | Create | Villager (Male) |
| 16:42 | Create | Villager (Male) |
| 16:51 | Build | Farm |
| 16:57 | Build | Farm |
| 17:04 | Build | House |
| 17:05 | Build | House |
| 17:07 | Create | Villager (Male) |
| 17:07 | Create | Villager (Male) |
| 17:07 | Create | Villager (Male) |
| 17:08 | Create | Villager (Male) |
| 17:36 | Create | Villager (Male) |
| 17:36 | Create | Villager (Male) |
| 17:36 | Create | Villager (Male) |
| 17:36 | Create | Villager (Male) |
| 17:40 | Build | Farm |
| 17:42 | Build | Farm |
| 17:43 | Build | Farm |
| 17:50 | Create | Villager (Male) |
| 17:50 | Create | Villager (Male) |
| 17:59 | Build | House |
| 18:00 | Build | House |
| 18:05 | Build | House |
| 18:21 | Create | Villager (Male) |
| 18:21 | Create | Villager (Male) |
| 18:21 | Create | Villager (Male) |
| 18:40 | Create | Villager (Male) |
| 18:41 | Create | Villager (Male) |
| 18:41 | Create | Villager (Male) |
| 18:43 | Build | Farm |
| 18:46 | Build | Farm |
| 18:54 | Build | Farm |
| 18:55 | Build | Farm |
| 18:56 | Build | Farm |
| 18:57 | Build | Farm |
| 18:58 | Build | Farm |
| 19:06 | Build | House |
| 19:06 | Build | House |
| 19:07 | Build | House |
| 19:09 | Create | Villager (Male) |
| 19:10 | Create | Villager (Male) |
| 19:10 | Create | Villager (Male) |
| 19:32 | Build | Mill |
| 19:33 | Build | Farm |
| 19:34 | Build | Farm |
| 19:35 | Build | Farm |
| 19:37 | Create | Villager (Male) |
| 19:38 | Create | Villager (Male) |
| 19:38 | Create | Villager (Male) |
| 19:47 | Build | Farm |
| 19:49 | Create | Villager (Male) |
| 19:49 | Create | Villager (Male) |
| 19:50 | Create | Villager (Male) |
| 19:55 | Create | Villager (Male) |
| 20:01 | Build | Farm |
| 20:05 | Build | Farm |
| 20:06 | Create | Villager (Male) |
| 20:14 | Build | Farm |
| 20:15 | Create | Villager (Male) |
| 20:15 | Create | Villager (Male) |
| 20:16 | Create | Villager (Male) |
| 20:16 | Create | Villager (Male) |
| 20:23 | Build | Farm |
| 20:25 | Create | Villager (Male) |
| 20:26 | Create | Villager (Male) |
| 20:30 | Build | Farm |
| 20:35 | Build | Farm |
| 20:47 | Build | Monastery |
| 20:49 | Create | Villager (Male) |
| 20:49 | Create | Villager (Male) |
| 20:49 | Create | Villager (Male) |
| 20:54 | Build | Farm |
| 21:06 | Build | Farm |
| 21:08 | Build | Farm |
| 21:18 | Build | Farm |
| 21:19 | Create | Villager (Male) |
| 21:19 | Create | Villager (Male) |
| 21:19 | Create | Villager (Male) |
| 21:23 | Build | House |
Build order — Álvaro de Bazán
First 150 of 333 actions detected
| 0:01 | Create | Villager (Male) |
| 0:03 | Build | House |
| 0:04 | Build | House |
| 0:10 | Create | Villager (Male) |
| 0:21 | Create | Villager (Male) |
| 0:44 | Create | Villager (Male) |
| 1:17 | Create | Villager (Male) |
| 2:01 | Create | Villager (Male) |
| 2:19 | Build | Lumber Camp |
| 2:22 | Create | Villager (Male) |
| 2:39 | Create | Villager (Male) |
| 3:08 | Build | House |
| 3:13 | Create | Villager (Male) |
| 3:22 | Create | Villager (Male) |
| 3:23 | Create | Villager (Male) |
| 3:45 | Create | Villager (Male) |
| 4:13 | Create | Villager (Male) |
| 4:14 | Create | Villager (Male) |
| 4:14 | Create | Villager (Male) |
| 4:15 | Create | Villager (Male) |
| 4:47 | Build | Mill |
| 5:21 | Create | Villager (Male) |
| 5:26 | Create | Villager (Male) |
| 5:35 | Create | Villager (Male) |
| 6:10 | Build | House |
| 6:47 | Create | Villager (Male) |
| 7:14 | Research | Feudal Age |
| 7:18 | Build | Mining Camp |
| 9:24 | Age | Feudal Age |
| 9:25 | Create | Villager (Male) |
| 9:45 | Create | Villager (Male) |
| 10:01 | Build | Blacksmith |
| 10:13 | Create | Villager (Male) |
| 10:24 | Build | Farm |
| 10:27 | Build | Farm |
| 10:31 | Build | Farm |
| 10:33 | Build | Farm |
| 10:41 | Build | Market |
| 10:49 | Create | Villager (Male) |
| 11:13 | Create | Villager (Male) |
| 11:38 | Research | Castle Age |
| 11:38 | Research | Castle Age |
| 11:54 | Research | Double-Bit Axe |
| 12:08 | Build | Farm |
| 12:16 | Build | Farm |
| 12:55 | Build | Mining Camp |
| 14:19 | Age | Castle Age |
| 14:21 | Build | Town Center |
| 14:22 | Create | Villager (Male) |
| 14:26 | Build | House |
| 14:31 | Research | Bow Saw |
| 15:07 | Create | Villager (Male) |
| 15:34 | Build | House |
| 15:44 | Create | Villager (Male) |
| 16:01 | Create | Villager (Male) |
| 16:02 | Create | Villager (Male) |
| 16:06 | Build | Town Center |
| 16:11 | Create | Villager (Male) |
| 16:13 | Build | Farm |
| 16:15 | Research | Horse Collar |
| 16:22 | Create | Villager (Male) |
| 16:24 | Create | Villager (Male) |
| 16:30 | Build | Farm |
| 16:35 | Build | House |
| 16:47 | Build | Monastery |
| 16:56 | Create | Villager (Male) |
| 17:03 | Create | Villager (Male) |
| 17:06 | Build | Farm |
| 17:10 | Build | Farm |
| 17:13 | Build | Farm |
| 17:17 | Build | Farm |
| 17:22 | Create | Villager (Male) |
| 17:24 | Create | Villager (Male) |
| 17:33 | Research | Loom |
| 17:48 | Create | Villager (Male) |
| 17:52 | Build | Farm |
| 17:55 | Create | Monk |
| 18:10 | Build | Town Center |
| 18:12 | Create | Villager (Male) |
| 18:13 | Create | Villager (Male) |
| 18:27 | Create | Villager (Male) |
| 18:27 | Create | Villager (Male) |
| 18:29 | Create | Villager (Male) |
| 18:32 | Build | Farm |
| 18:36 | Create | Villager (Male) |
| 18:45 | Build | Farm |
| 18:48 | Build | Farm |
| 19:19 | Create | Villager (Male) |
| 19:19 | Create | Villager (Male) |
| 19:19 | Create | Villager (Male) |
| 19:19 | Create | Villager (Male) |
| 19:23 | Build | Farm |
| 19:26 | Build | Farm |
| 19:29 | Create | Villager (Male) |
| 19:42 | Create | Villager (Male) |
| 19:44 | Build | Farm |
| 19:47 | Build | Farm |
| 20:11 | Create | Villager (Male) |
| 20:11 | Create | Villager (Male) |
| 20:11 | Create | Villager (Male) |
| 20:24 | Build | House |
| 20:25 | Build | House |
| 20:26 | Build | House |
| 20:27 | Build | House |
| 20:28 | Build | House |
| 20:28 | Build | House |
| 20:35 | Research | Wheelbarrow |
| 20:42 | Build | House |
| 21:00 | Create | Villager (Male) |
| 21:00 | Create | Villager (Male) |
| 21:01 | Create | Villager (Male) |
| 21:24 | Create | Villager (Male) |
| 21:27 | Create | Villager (Male) |
| 21:27 | Create | Villager (Male) |
| 21:27 | Create | Villager (Male) |
| 21:30 | Build | Farm |
| 21:54 | Build | Castle |
| 22:00 | Build | House |
| 22:01 | Build | House |
| 22:02 | Create | Villager (Male) |
| 22:02 | Create | Villager (Male) |
| 22:03 | Create | Villager (Male) |
| 22:03 | Create | Villager (Male) |
| 22:10 | Build | Farm |
| 22:14 | Build | Farm |
| 22:15 | Create | Villager (Male) |
| 22:16 | Create | Villager (Male) |
| 22:20 | Create | Villager (Male) |
| 22:32 | Build | Outpost |
| 22:35 | Build | Outpost |
| 22:37 | Build | Outpost |
| 22:39 | Build | Outpost |
| 22:43 | Create | Villager (Male) |
| 22:43 | Create | Villager (Male) |
| 22:43 | Create | Villager (Male) |
| 23:02 | Build | Mill |
| 23:03 | Build | Farm |
| 23:03 | Build | Farm |
| 23:03 | Build | Farm |
| 23:03 | Build | Farm |
| 23:04 | Build | Farm |
| 23:04 | Build | Farm |
| 23:15 | Create | Villager (Male) |
| 23:16 | Create | Villager (Male) |
| 23:19 | Create | Villager (Male) |
| 23:23 | Build | House |
| 23:28 | Research | Town Watch |
| 23:37 | Create | Villager (Male) |
| 23:38 | Create | Villager (Male) |
| 23:45 | Build | Farm |
Build order — Nicoairlines
First 150 of 392 actions detected
| 0:01 | Create | Villager (Male) |
| 0:01 | Create | Villager (Male) |
| 0:02 | Create | Villager (Male) |
| 0:04 | Build | House |
| 0:06 | Build | House |
| 0:10 | Create | Villager (Male) |
| 0:10 | Create | Villager (Male) |
| 1:33 | Create | Villager (Male) |
| 1:51 | Build | Lumber Camp |
| 2:01 | Create | Villager (Male) |
| 2:01 | Create | Villager (Male) |
| 2:27 | Create | Villager (Male) |
| 2:37 | Create | Villager (Male) |
| 2:37 | Create | Villager (Male) |
| 3:08 | Create | Villager (Male) |
| 3:31 | Build | House |
| 3:37 | Create | Villager (Male) |
| 3:37 | Create | Villager (Male) |
| 4:02 | Research | Loom |
| 4:05 | Build | House |
| 4:21 | Create | Villager (Male) |
| 4:23 | Build | House |
| 4:53 | Create | Villager (Male) |
| 5:04 | Build | Mill |
| 5:23 | Create | Villager (Male) |
| 5:48 | Create | Villager (Male) |
| 5:48 | Create | Villager (Male) |
| 5:48 | Create | Villager (Male) |
| 5:48 | Create | Villager (Male) |
| 6:16 | Create | Villager (Male) |
| 6:16 | Create | Villager (Male) |
| 7:30 | Create | Villager (Male) |
| 8:01 | Create | Villager (Male) |
| 8:22 | Build | Farm |
| 8:25 | Build | Farm |
| 8:31 | Research | Feudal Age |
| 9:24 | Build | House |
| 9:26 | Build | House |
| 9:27 | Build | House |
| 10:41 | Age | Feudal Age |
| 10:44 | Build | Market |
| 10:56 | Build | Blacksmith |
| 11:09 | Build | Farm |
| 11:14 | Build | Farm |
| 12:07 | Research | Castle Age |
| 12:14 | Build | Farm |
| 13:36 | Research | Double-Bit Axe |
| 13:36 | Research | Horse Collar |
| 13:37 | Research | Horse Collar |
| 14:47 | Age | Castle Age |
| 14:53 | Build | Town Center |
| 14:59 | Research | Bow Saw |
| 15:00 | Research | Heavy Plow |
| 15:16 | Build | Town Center |
| 15:24 | Create | Villager (Male) |
| 15:24 | Create | Villager (Male) |
| 15:25 | Create | Villager (Male) |
| 15:25 | Create | Villager (Male) |
| 16:05 | Create | Villager (Male) |
| 16:05 | Create | Villager (Male) |
| 16:05 | Create | Villager (Male) |
| 16:20 | Create | Villager (Male) |
| 16:23 | Build | Farm |
| 16:26 | Build | Farm |
| 16:40 | Build | Farm |
| 16:43 | Create | Villager (Male) |
| 16:44 | Create | Villager (Male) |
| 16:44 | Create | Villager (Male) |
| 17:04 | Build | Farm |
| 17:10 | Build | Farm |
| 17:15 | Build | Farm |
| 17:18 | Build | Farm |
| 17:19 | Build | Farm |
| 17:22 | Create | Villager (Male) |
| 17:22 | Create | Villager (Male) |
| 17:36 | Create | Villager (Male) |
| 17:50 | Build | Siege Workshop |
| 17:52 | Create | Villager (Male) |
| 17:55 | Create | Villager (Male) |
| 17:55 | Create | Villager (Male) |
| 18:02 | Build | Farm |
| 18:03 | Create | Villager (Male) |
| 18:07 | Build | Farm |
| 18:10 | Build | Farm |
| 18:14 | Create | Villager (Male) |
| 18:17 | Build | Farm |
| 18:25 | Create | Villager (Male) |
| 18:31 | Build | Farm |
| 18:32 | Create | Villager (Male) |
| 18:42 | Build | Farm |
| 18:47 | Create | Villager (Male) |
| 18:47 | Create | Villager (Male) |
| 18:55 | Create | Battering Ram |
| 18:58 | Create | Villager (Male) |
| 18:59 | Create | Villager (Male) |
| 19:04 | Create | Villager (Male) |
| 19:05 | Create | Villager (Male) |
| 19:08 | Build | Farm |
| 19:21 | Create | Villager (Male) |
| 19:29 | Build | Barracks |
| 19:30 | Create | Villager (Male) |
| 19:33 | Create | Villager (Male) |
| 19:33 | Create | Villager (Male) |
| 19:45 | Build | Farm |
| 19:46 | Create | Villager (Male) |
| 19:53 | Create | Villager (Male) |
| 20:00 | Build | Mill |
| 20:01 | Build | Farm |
| 20:01 | Build | Farm |
| 20:01 | Build | Farm |
| 20:01 | Build | Farm |
| 20:03 | Create | Villager (Male) |
| 20:03 | Create | Villager (Male) |
| 20:03 | Create | Villager (Male) |
| 20:23 | Create | Villager (Male) |
| 20:24 | Create | Villager (Male) |
| 20:30 | Create | Villager (Male) |
| 20:40 | Create | Villager (Male) |
| 20:42 | Build | Farm |
| 20:44 | Create | Villager (Male) |
| 20:51 | Build | Farm |
| 20:53 | Create | Villager (Male) |
| 20:55 | Build | Farm |
| 20:58 | Build | Farm |
| 21:05 | Create | Spearman |
| 21:05 | Create | Spearman |
| 21:05 | Create | Spearman |
| 21:12 | Build | Farm |
| 21:13 | Create | Villager (Male) |
| 21:30 | Build | House |
| 21:30 | Build | House |
| 21:31 | Build | House |
| 21:31 | Build | House |
| 21:31 | Build | House |
| 21:32 | Build | House |
| 21:37 | Create | Villager (Male) |
| 21:41 | Research | Wheelbarrow |
| 21:42 | Research | Wheelbarrow |
| 21:49 | Create | Mangonel |
| 21:53 | Build | Farm |
| 21:55 | Create | Villager (Male) |
| 21:55 | Create | Villager (Male) |
| 21:55 | Create | Villager (Male) |
| 22:08 | Create | Spearman |
| 22:09 | Create | Spearman |
| 22:11 | Create | Villager (Male) |
| 22:11 | Create | Villager (Male) |
| 22:29 | Create | Mangonel |
| 22:39 | Research | Pikeman (upgrade) |
| 22:43 | Build | Farm |
Build order — Rule xLEIRAx13
First 150 of 247 actions detected
| 0:47 | Create | Villager (Male) |
| 1:21 | Create | Villager (Male) |
| 1:41 | Create | Villager (Male) |
| 2:15 | Create | Villager (Male) |
| 2:30 | Create | Villager (Male) |
| 2:30 | Create | Villager (Male) |
| 2:33 | Build | Lumber Camp |
| 2:54 | Create | Villager (Male) |
| 2:54 | Create | Villager (Male) |
| 3:21 | Create | Villager (Male) |
| 3:21 | Create | Villager (Male) |
| 3:40 | Create | Villager (Male) |
| 4:03 | Build | House |
| 4:07 | Build | House |
| 4:23 | Create | Villager (Male) ×2 |
| 4:53 | Build | Mill |
| 5:21 | Create | Villager (Male) ×2 |
| 6:43 | Create | Villager (Male) ×5 |
| 6:44 | Create | Villager (Male) |
| 6:45 | Create | Villager (Male) |
| 6:57 | Create | Villager (Male) |
| 7:02 | Create | Villager (Male) |
| 7:10 | Build | Mining Camp |
| 7:16 | Build | Lumber Camp |
| 7:40 | Create | Villager (Male) ×3 |
| 7:57 | Build | Farm |
| 7:58 | Build | Farm |
| 8:00 | Build | Farm |
| 8:21 | Create | Villager (Male) |
| 8:35 | Build | Mining Camp |
| 8:43 | Research | Feudal Age |
| 9:29 | Create | Villager (Male) |
| 10:10 | Create | Villager (Male) |
| 10:41 | Build | House |
| 11:03 | Build | Market |
| 11:05 | Build | Blacksmith |
| 11:58 | Research | Castle Age |
| 11:58 | Research | Castle Age |
| 12:35 | Research | Horse Collar |
| 12:55 | Build | Farm |
| 12:56 | Build | Farm |
| 12:57 | Build | Farm |
| 13:03 | Build | Farm |
| 13:06 | Build | Farm |
| 13:12 | Build | Farm |
| 13:31 | Research | Double-Bit Axe |
| 14:11 | Create | Villager (Male) |
| 14:31 | Create | Villager (Male) |
| 14:51 | Build | Town Center |
| 15:03 | Create | Villager (Male) |
| 15:27 | Create | Villager (Male) |
| 15:41 | Create | Villager (Male) |
| 15:48 | Build | House |
| 15:59 | Build | Town Center |
| 16:21 | Create | Villager (Male) |
| 16:22 | Build | House |
| 16:29 | Research | Bow Saw |
| 16:49 | Create | Villager (Male) |
| 16:52 | Build | House |
| 17:06 | Create | Villager (Male) |
| 17:07 | Create | Villager (Male) |
| 17:11 | Research | Heavy Plow |
| 17:11 | Create | Villager (Male) |
| 17:11 | Create | Villager (Male) |
| 17:16 | Build | Farm |
| 17:17 | Build | Farm |
| 17:24 | Build | Farm |
| 17:27 | Create | Villager (Male) |
| 17:27 | Create | Villager (Male) |
| 17:27 | Create | Villager (Male) |
| 17:33 | Build | House |
| 17:37 | Build | Farm |
| 17:42 | Create | Villager (Male) |
| 17:55 | Build | Farm |
| 17:55 | Build | Farm |
| 17:58 | Create | Villager (Male) |
| 17:58 | Create | Villager (Male) |
| 18:06 | Create | Villager (Male) |
| 18:08 | Build | House |
| 18:08 | Build | House |
| 18:11 | Build | Farm |
| 18:14 | Build | Farm |
| 18:18 | Build | Farm |
| 18:26 | Create | Villager (Male) |
| 18:26 | Create | Villager (Male) |
| 18:34 | Build | Farm |
| 18:39 | Build | Farm |
| 18:40 | Build | Farm |
| 18:42 | Create | Villager (Male) |
| 18:47 | Create | Villager (Male) |
| 18:54 | Build | Farm |
| 18:55 | Build | Farm |
| 18:58 | Create | Villager (Male) |
| 19:14 | Build | House |
| 19:16 | Build | Farm |
| 19:18 | Build | Farm |
| 19:21 | Create | Villager (Male) ×3 |
| 19:26 | Build | Farm |
| 19:28 | Build | Farm |
| 19:32 | Build | Farm |
| 19:33 | Create | Villager (Male) |
| 19:47 | Create | Villager (Male) |
| 19:50 | Build | House |
| 19:52 | Create | Villager (Male) |
| 19:55 | Build | Farm |
| 19:59 | Build | Farm |
| 20:01 | Create | Villager (Male) |
| 20:06 | Build | House |
| 20:07 | Create | Villager (Male) |
| 20:09 | Build | Farm |
| 20:13 | Build | Farm |
| 20:16 | Build | Farm |
| 20:18 | Create | Villager (Male) ×2 |
| 20:29 | Create | Villager (Male) |
| 20:29 | Create | Villager (Male) |
| 20:43 | Research | Gold Mining |
| 20:46 | Create | Villager (Male) |
| 20:51 | Build | Farm |
| 20:56 | Build | Farm |
| 20:59 | Create | Villager (Male) |
| 20:59 | Create | Villager (Male) |
| 21:12 | Build | Mill |
| 21:14 | Build | Farm |
| 21:15 | Build | Farm |
| 21:16 | Build | Farm |
| 21:19 | Create | Villager (Male) |
| 21:19 | Create | Villager (Male) |
| 21:19 | Create | Villager (Male) |
| 21:34 | Create | Villager (Male) |
| 21:34 | Create | Villager (Male) |
| 21:42 | Build | Farm |
| 21:43 | Build | Farm |
| 21:45 | Build | Farm |
| 21:45 | Build | Farm |
| 21:47 | Create | Villager (Male) |
| 21:47 | Create | Villager (Male) |
| 21:53 | Research | Gold Shaft Mining |
| 22:01 | Create | Villager (Male) |
| 22:02 | Create | Villager (Male) |
| 22:05 | Build | Farm |
| 22:10 | Create | Villager (Male) |
| 22:10 | Create | Villager (Male) |
| 22:22 | Create | Villager (Male) |
| 22:27 | Build | Farm |
| 22:27 | Build | Farm |
| 22:28 | Build | Farm |
| 22:38 | Research | Wheelbarrow |
| 22:51 | Create | Villager (Male) |
| 22:51 | Create | Villager (Male) |
| 22:57 | Research | Stone Mining |
Build order — Benjaiper
First 150 of 377 actions detected
| 0:00 | Create | Villager (Male) |
| 0:01 | Create | Villager (Male) |
| 0:01 | Create | Villager (Male) |
| 0:01 | Create | Villager (Male) |
| 0:03 | Build | House |
| 0:05 | Build | House |
| 1:31 | Create | Villager (Male) |
| 1:49 | Build | Lumber Camp |
| 2:04 | Create | Villager (Male) |
| 2:18 | Create | Villager (Male) |
| 2:53 | Create | Villager (Male) |
| 3:19 | Create | Villager (Male) |
| 3:20 | Create | Villager (Male) |
| 3:50 | Build | House |
| 3:53 | Create | Villager (Male) |
| 4:17 | Build | Mill |
| 4:35 | Create | Villager (Male) |
| 4:36 | Create | Villager (Male) |
| 5:02 | Build | House |
| 5:15 | Create | Villager (Male) |
| 5:29 | Build | Farm |
| 5:38 | Create | Villager (Male) |
| 6:07 | Create | Villager (Male) |
| 6:33 | Create | Villager (Male) |
| 6:45 | Create | Villager (Male) |
| 6:49 | Build | Farm |
| 6:52 | Create | Villager (Male) |
| 7:01 | Create | Villager (Male) |
| 7:59 | Research | Feudal Age |
| 8:09 | Build | House |
| 8:48 | Create | Villager (Male) |
| 9:17 | Age | Feudal Age |
| 9:38 | Create | Villager (Male) |
| 9:39 | Build | Farm |
| 9:41 | Research | Double-Bit Axe |
| 9:44 | Create | Villager (Male) |
| 10:09 | Build | Farm |
| 10:30 | Create | Villager (Male) |
| 10:39 | Build | Farm |
| 10:49 | Create | Villager (Male) |
| 10:50 | Build | Farm |
| 10:59 | Build | Farm |
| 11:06 | Build | Farm |
| 11:22 | Build | Mining Camp |
| 11:27 | Create | Villager (Male) |
| 11:41 | Build | House |
| 11:44 | Create | Villager (Male) |
| 12:18 | Build | Farm |
| 12:25 | Create | Villager (Male) |
| 12:37 | Build | Market |
| 12:40 | Create | Villager (Male) |
| 13:10 | Build | Blacksmith |
| 13:43 | Research | Castle Age |
| 15:02 | Build | House |
| 15:14 | Research | Horse Collar |
| 15:19 | Age | Castle Age |
| 15:28 | Build | Town Center |
| 15:33 | Build | Siege Workshop |
| 15:34 | Create | Villager (Male) |
| 16:06 | Build | House |
| 16:06 | Create | Villager (Male) |
| 16:06 | Create | Villager (Male) |
| 16:17 | Create | Mangonel |
| 16:21 | Create | Villager (Male) |
| 16:21 | Create | Villager (Male) |
| 16:34 | Create | Villager (Male) |
| 16:34 | Create | Villager (Male) |
| 16:35 | Create | Villager (Male) |
| 16:49 | Create | Villager (Male) |
| 16:59 | Build | Town Center |
| 17:07 | Create | Villager (Male) |
| 17:09 | Create | Villager (Male) |
| 17:10 | Create | Villager (Male) |
| 17:10 | Create | Villager (Male) |
| 17:15 | Build | Farm |
| 17:27 | Build | Farm |
| 17:35 | Build | Farm |
| 17:40 | Create | Villager (Male) |
| 17:58 | Build | Farm |
| 18:19 | Create | Villager (Male) |
| 18:20 | Create | Villager (Male) |
| 18:21 | Create | Villager (Male) |
| 18:25 | Create | Villager (Male) |
| 18:27 | Create | Villager (Male) |
| 18:32 | Build | Farm |
| 18:34 | Build | Farm |
| 18:35 | Create | Villager (Male) |
| 19:01 | Research | Bow Saw |
| 19:10 | Build | Farm |
| 19:12 | Build | Farm |
| 19:19 | Build | Town Center |
| 19:20 | Create | Villager (Male) |
| 19:27 | Create | Villager (Male) |
| 19:36 | Build | Farm |
| 19:38 | Build | Farm |
| 19:39 | Create | Villager (Male) |
| 19:40 | Build | Farm |
| 19:58 | Create | Villager (Male) |
| 19:58 | Create | Villager (Male) |
| 20:08 | Build | Farm |
| 20:10 | Build | Farm |
| 20:11 | Create | Villager (Male) |
| 20:17 | Build | Farm |
| 20:19 | Create | Villager (Male) |
| 20:26 | Build | Farm |
| 20:27 | Create | Villager (Male) |
| 20:29 | Create | Villager (Male) |
| 20:47 | Create | Villager (Male) |
| 20:49 | Build | Farm |
| 20:50 | Create | Villager (Male) |
| 20:55 | Create | Villager (Male) |
| 21:01 | Create | Villager (Male) |
| 21:06 | Build | Farm |
| 21:12 | Build | Farm |
| 21:14 | Build | Farm |
| 21:16 | Build | Farm |
| 21:17 | Create | Villager (Male) |
| 21:21 | Create | Villager (Male) |
| 21:26 | Create | Villager (Male) |
| 21:34 | Build | House |
| 21:35 | Build | House |
| 21:35 | Build | House |
| 21:39 | Create | Villager (Male) |
| 21:45 | Research | Wheelbarrow |
| 21:49 | Build | Farm |
| 21:53 | Build | Farm |
| 21:53 | Create | Villager (Male) |
| 22:01 | Create | Villager (Male) |
| 22:06 | Build | House |
| 22:07 | Build | House |
| 22:07 | Build | House |
| 22:08 | Build | House |
| 22:09 | Create | Villager (Male) |
| 22:13 | Create | Villager (Male) |
| 22:17 | Build | Farm |
| 22:20 | Create | Villager (Male) |
| 22:25 | Research | Heavy Plow |
| 22:26 | Research | Heavy Plow |
| 22:29 | Build | Farm |
| 22:33 | Build | Farm |
| 22:33 | Create | Villager (Male) |
| 22:39 | Build | Town Center |
| 22:40 | Research | Stone Mining |
| 22:44 | Build | House |
| 22:48 | Create | Villager (Male) |
| 22:52 | Create | Villager (Male) |
| 22:59 | Create | Villager (Male) |
| 23:09 | Build | Farm |
| 23:14 | Build | Farm |
| 23:16 | Create | Villager (Male) |
Build order — Manuel hormigaiper
First 150 of 410 actions detected
| 0:01 | Create | Villager (Male) ×4 |
| 0:02 | Create | Villager (Male) ×4 |
| 0:04 | Build | House |
| 0:05 | Build | House |
| 1:39 | Create | Villager (Male) |
| 1:39 | Create | Villager (Male) |
| 1:53 | Create | Villager (Male) |
| 1:53 | Create | Villager (Male) |
| 2:01 | Build | Lumber Camp |
| 2:19 | Create | Villager (Male) |
| 2:19 | Create | Villager (Male) |
| 2:36 | Create | Villager (Male) |
| 2:36 | Create | Villager (Male) |
| 2:55 | Create | Villager (Male) |
| 2:55 | Create | Villager (Male) |
| 3:24 | Build | House |
| 3:25 | Build | House |
| 3:35 | Create | Villager (Male) |
| 3:35 | Create | Villager (Male) |
| 4:01 | Create | Villager (Male) |
| 4:17 | Create | Villager (Male) |
| 4:17 | Create | Villager (Male) |
| 4:20 | Build | House |
| 4:21 | Build | House |
| 4:32 | Create | Villager (Male) |
| 4:32 | Create | Villager (Male) |
| 4:48 | Create | Villager (Male) |
| 4:48 | Create | Villager (Male) |
| 5:05 | Build | Mill |
| 5:11 | Create | Villager (Male) |
| 5:12 | Create | Villager (Male) |
| 5:34 | Create | Villager (Male) |
| 5:34 | Create | Villager (Male) |
| 5:55 | Create | Villager (Male) |
| 6:06 | Create | Villager (Male) |
| 6:07 | Create | Villager (Male) |
| 6:08 | Create | Villager (Male) |
| 6:21 | Build | Lumber Camp |
| 6:29 | Create | Villager (Male) |
| 6:30 | Create | Villager (Male) |
| 6:31 | Create | Villager (Male) |
| 6:43 | Create | Villager (Male) |
| 6:44 | Build | Farm |
| 6:59 | Create | Villager (Male) |
| 7:15 | Build | Farm |
| 7:53 | Create | Villager (Male) |
| 8:02 | Build | Farm |
| 8:10 | Create | Villager (Male) |
| 8:51 | Build | Mining Camp |
| 9:13 | Research | Feudal Age |
| 9:13 | Research | Feudal Age |
| 10:13 | Create | Villager (Male) |
| 10:13 | Create | Villager (Male) |
| 11:23 | Age | Feudal Age |
| 11:24 | Build | Market |
| 11:27 | Build | Blacksmith |
| 11:30 | Build | House |
| 12:12 | Research | Castle Age |
| 12:12 | Research | Castle Age |
| 12:56 | Research | Horse Collar |
| 12:56 | Research | Horse Collar |
| 12:58 | Build | Farm |
| 12:59 | Build | Farm |
| 13:00 | Build | Farm |
| 13:01 | Build | Farm |
| 13:10 | Build | Farm |
| 13:48 | Research | Double-Bit Axe |
| 13:48 | Research | Double-Bit Axe |
| 14:31 | Create | Villager (Male) |
| 14:31 | Create | Villager (Male) |
| 14:53 | Age | Castle Age |
| 14:59 | Build | Town Center |
| 15:02 | Build | Town Center |
| 15:12 | Research | Bow Saw |
| 15:12 | Research | Bow Saw |
| 15:37 | Create | Villager (Male) |
| 16:06 | Create | Villager (Male) |
| 16:19 | Create | Villager (Male) |
| 16:20 | Create | Villager (Male) |
| 16:22 | Build | Farm |
| 16:23 | Build | Farm |
| 16:24 | Create | Villager (Male) |
| 16:26 | Build | Farm |
| 16:27 | Build | Farm |
| 16:38 | Build | Farm |
| 16:40 | Build | Farm |
| 16:41 | Create | Villager (Male) |
| 16:47 | Build | Farm |
| 16:51 | Build | Farm |
| 16:54 | Create | Villager (Male) |
| 16:54 | Create | Villager (Male) |
| 16:56 | Build | Farm |
| 17:06 | Create | Villager (Male) |
| 17:07 | Create | Villager (Male) |
| 17:09 | Build | Farm |
| 17:17 | Build | Farm |
| 17:18 | Create | Villager (Male) |
| 17:18 | Create | Villager (Male) |
| 17:22 | Build | Farm |
| 17:31 | Create | Villager (Male) |
| 17:31 | Create | Villager (Male) |
| 17:31 | Create | Villager (Male) |
| 17:35 | Build | Farm |
| 17:36 | Create | Villager (Male) |
| 17:37 | Create | Villager (Male) |
| 17:45 | Create | Villager (Male) |
| 17:45 | Create | Villager (Male) |
| 17:47 | Build | Farm |
| 17:54 | Create | Villager (Male) |
| 18:00 | Build | Farm |
| 18:03 | Create | Villager (Male) |
| 18:03 | Create | Villager (Male) |
| 18:10 | Create | Villager (Male) |
| 18:10 | Create | Villager (Male) |
| 18:13 | Build | Farm |
| 18:16 | Create | Villager (Male) |
| 18:20 | Build | Farm |
| 18:24 | Build | House |
| 18:24 | Build | House |
| 18:24 | Build | House |
| 18:25 | Build | House |
| 18:25 | Create | Villager (Male) |
| 18:26 | Create | Villager (Male) |
| 18:44 | Create | Villager (Male) |
| 18:44 | Create | Villager (Male) |
| 18:44 | Create | Villager (Male) |
| 18:45 | Create | Villager (Male) |
| 18:53 | Create | Villager (Male) |
| 18:53 | Create | Villager (Male) |
| 19:07 | Create | Villager (Male) |
| 19:07 | Create | Villager (Male) |
| 19:17 | Build | Town Center |
| 19:28 | Create | Villager (Male) |
| 19:28 | Create | Villager (Male) |
| 19:28 | Create | Villager (Male) |
| 19:28 | Create | Villager (Male) |
| 19:33 | Build | Farm |
| 19:46 | Research | Wheelbarrow |
| 19:47 | Research | Wheelbarrow |
| 19:47 | Research | Wheelbarrow |
| 19:50 | Build | House |
| 19:51 | Build | House |
| 19:54 | Build | House |
| 19:55 | Create | Villager (Male) |
| 19:56 | Create | Villager (Male) |
| 20:05 | Build | Farm |
| 20:13 | Build | Farm |
| 20:14 | Create | Villager (Male) |
| 20:14 | Create | Villager (Male) |
| 20:16 | Build | Farm |
Match timeline
| 9:17 | Benjaiper · age_up feudal |
| 9:24 | Álvaro de Bazán · age_up feudal |
| 10:41 | Nicoairlines · age_up feudal |
| 10:44 | ATABEY · age_up feudal |
| 10:57 | Louis XI · age_up feudal |
| 11:02 | [GDL] turbojj · age_up feudal |
| 11:23 | Manuel hormigaiper · age_up feudal |
| 11:49 | Louis XI · first_market_sell 100 stone |
| 11:56 | Rule xLEIRAx13 · first_market_sell 100 wood |
| 11:57 | Rule xLEIRAx13 · first_market_buy 100 food |
| 14:19 | Álvaro de Bazán · age_up castle |
| 14:34 | Louis XI · age_up castle |
| 14:47 | Nicoairlines · age_up castle |
| 14:53 | Manuel hormigaiper · age_up castle |
| 15:05 | ATABEY · age_up castle |
| 15:05 | Louis XI · first_building Castle |
| 15:19 | Benjaiper · age_up castle |
| 15:21 | [GDL] turbojj · age_up castle |
| 15:22 | Benjaiper · first_market_buy 100 wood |
| 15:33 | Benjaiper · first_building Siege Workshop |
| 15:33 | Manuel hormigaiper · first_market_buy 100 food |
| 16:13 | ATABEY · first_building Monastery |
| 16:47 | Álvaro de Bazán · first_building Monastery |
| 17:50 | Nicoairlines · first_building Siege Workshop |
| 18:25 | Álvaro de Bazán · first_market_buy 100 food |
| 19:29 | Nicoairlines · first_building Barracks |
| 20:47 | [GDL] turbojj · first_building Monastery |
| 21:52 | Manuel hormigaiper · first_building Monastery |
| 21:54 | Álvaro de Bazán · first_building Castle |
| 22:13 | Louis XI · first_building Siege Workshop |
| 22:36 | Nicoairlines · first_market_sell 100 food |
| 22:47 | [GDL] turbojj · first_market_buy 100 stone |
| 22:48 | ATABEY · first_building Barracks |
| 23:23 | Rule xLEIRAx13 · first_building Monastery |
| 23:36 | ATABEY · first_building Archery Range |
| 24:47 | Benjaiper · first_building Barracks |
| 25:04 | Louis XI · first_market_buy 500 stone |
| 25:28 | Manuel hormigaiper · first_building Castle |
| 25:35 | Rule xLEIRAx13 · first_building Barracks |
| 25:39 | Benjaiper · first_building Archery Range |
| 25:42 | [GDL] turbojj · first_building Barracks |
| 26:17 | Nicoairlines · first_building Monastery |
| 26:19 | Manuel hormigaiper · first_market_sell 100 food |
| 26:22 | [GDL] turbojj · first_building Stable |
| 26:24 | Álvaro de Bazán · first_building Siege Workshop |
| 26:33 | Benjaiper · first_market_sell 100 food |
| 26:44 | ATABEY · first_building Castle |
| 26:46 | Manuel hormigaiper · first_building Barracks |
| 26:48 | Louis XI · first_building Barracks |
| 27:42 | Álvaro de Bazán · first_building Barracks |
| 27:46 | Manuel hormigaiper · first_building Stable |
| 27:48 | Nicoairlines · wall_segment Palisade Wall x1 |
| 28:28 | Benjaiper · age_up imperial |
| 28:39 | Louis XI · wall_segment Stone Wall x1 |
| 28:41 | Louis XI · wall_segment Stone Wall x1 |
| 28:42 | [GDL] turbojj · age_up imperial |
| 28:44 | Louis XI · wall_segment Stone Wall x1 |
| 28:54 | ATABEY · age_up imperial |
| 29:02 | Louis XI · wall_segment Stone Wall x1 |
| 29:10 | [GDL] turbojj · first_building Castle |
| 29:34 | Benjaiper · first_building Castle |
| 29:44 | Manuel hormigaiper · age_up imperial |
| 29:47 | Louis XI · age_up imperial |
| 30:09 | Nicoairlines · age_up imperial |
| 30:12 | ATABEY · first_market_sell 100 food |
| 30:14 | Nicoairlines · first_market_buy 100 stone |
| 30:19 | Rule xLEIRAx13 · first_building Castle |
| 30:19 | Álvaro de Bazán · age_up imperial |
| 30:21 | Nicoairlines · first_building Castle |
| 30:57 | Manuel hormigaiper · first_building Siege Workshop |
| 31:13 | ATABEY · first_building Siege Workshop |
| 31:14 | Louis XI · resign |
| 34:14 | ATABEY · first_market_buy 100 wood |
[ AI ANALYSIS · 1 CREDIT ]
What really happened in this match?
Wolo.gg analyzes every decision: build order, eco, micro, common mistakes by bracket. Personalized analysis on WhatsApp or Discord in 30 seconds.
Civ guide
Portuguese
Perfil
Jugador #17522964